 Dungeon Crawl Stone Soup version 0.28-a0-664-gc179e30c89 (webtiles) character file.

Game seed: 15269842730926562752

191 lawman0 the Ogre Mage (level 5, 0/48 HPs)
             Began as an Ogre Hedge Wizard on Oct 16, 2021.
             Slain by a phantom (3 damage)
             ... on level 4 of the Dungeon.
             The game lasted 00:06:38 (3627 turns).

lawman0 the Ogre Mage (Ogre Hedge Wizard)           Turns: 3627, Time: 00:06:39

Health: 0/48       AC:  3    Str: 14    XL:     5   Next: 70%
Magic:  8/11       EV:  9    Int: 16    God:
Gold:   70         SH:  0    Dex:  8    Spells: 3/13 levels left

rFire   . . .      SeeInvis .   i - +0 spear (vamp)
rCold   . . .      Faith    .   (no shield)
rNeg    . . .      Spirit   .   b - +0 robe
rPois   .          Reflect  .   c - +0 hat
rElec   .          Harm     .   (no cloak)
rCorr   .          Rampage  .   (gloves unavailable)
Will    .....                   (boots unavailable)
Stlth   +.........              (no amulet)
HPRegen 0.16/turn               (no ring)
MPRegen 0.12/turn               (no ring)

@: brilliant, flying, hasted, very quick
A: large, unfitting armour, tough skin 1
a: no special abilities


You were on level 4 of the Dungeon.
You visited 1 branch of the dungeon, and saw 4 of its levels.

You collected 70 gold pieces.

Inventory:

Hand Weapons
 i - a +0 vampiric spear (weapon)
Missiles
 e - 14 poisoned darts (quivered)
 f - 2 boomerangs
Armour
 a - a +0 cloak
 b - a +0 robe (worn)
 c - a +0 hat (worn)
Scrolls
 k - a scroll of brand weapon
 l - a scroll of magic mapping {unknown}
 n - a scroll of fear
 o - a scroll of blinking {unknown}
Potions
 g - 3 potions of curing


   Skills:
 + Level 1.4 Fighting
 + Level 0.4 Polearms
 + Level 1.9 Dodging
 + Level 1.7 Stealth
 + Level 4.6 Spellcasting
 * Level 2.1 Conjurations
 * Level 1.0 Hexes
 * Level 1.4 Summonings
 + Level 1.0 Translocations
 * Level 1.1 Air Magic
 * Level 1.5 Poison Magic


You had 3 spell levels left.
You knew the following spells:

 Your Spells              Type           Power      Damage    Failure   Level
a - Magic Dart            Conj           60%        1d6       7%          1
b - Slow                  Hex            10%        N/A       16%         2
c - Blink                 Tloc           N/A        N/A       16%         2
d - Call Imp              Summ           12%        N/A       14%         2
e - Mephitic Cloud        Conj/Pois/Air  13%        N/A       24%         3

Your spell library contained the following spells:

 Spells                   Type           Power      Damage    Failure   Level
 Ensorcelled Hibernation  Hex/Ice        14%        N/A       21%         2
 Conjure Flame            Conj/Fire      10%        6-21      30%         3
 Lesser Beckoning         Tloc           10%        N/A       30%         3
 Tukima's Dance           Hex            10%        N/A       30%         3
 Spider Form              Tmut/Pois      4%         N/A       34%         3
 Inner Flame              Hex/Fire       7%         N/A       36%         3
 Cause Fear               Hex            5%         N/A       71%         4
 Manifold Assault         Tloc           10%        N/A       96%         5
 Discord                  Hex            5%         N/A       100%        8


Dungeon Overview and Level Annotations

Branches:
Dungeon (4/15)
 Temple: D:4-7

Altars:
Sif Muna
Uskayaw

Shops:
D:4 :

Annotations:
D:2 Sigmund


Innate Abilities, Weirdness & Mutations

You are too large for most types of armour.
You have tough skin. (AC +1)


Message History

The phantom is heavily damaged.
The phantom closely misses you.
The phantom hits you but does no damage.
Your white imp gestures at the phantom.
The puff of frost hits the phantom.
The phantom resists.
You hit the phantom.
The phantom is heavily damaged.
The phantom hits you!
The phantom blinks!
You blink.
You are too injured to fight recklessly!
You are too injured to fight recklessly!
You are too injured to fight recklessly!
Casting: Call Imp (safe; 14% risk of failure)
Confirm with . or Enter, or press ? or * to list all spells.
A beastly little devil appears in a puff of flame.
Your white imp disappears in a puff of smoke!
The phantom hits you.
* * * LOW HITPOINT WARNING * * *
The phantom blinks!
You blink.
Casting: Call Imp (safe; 14% risk of failure)
Confirm with . or Enter, or press ? or * to list all spells.
A beastly little devil appears in a puff of flame.
Your crimson imp disappears in a puff of smoke!
The phantom hits you but does no damage.
Your crimson imp blinks!
The phantom hits you.
* * * LOW HITPOINT WARNING * * *
The phantom blinks!
You blink.
It was a potion of brilliance.
You feel clever all of a sudden. The phantom hits you.
* * * LOW HITPOINT WARNING * * *
The phantom blinks!
You blink.
Your crimson imp barely misses the phantom.
It was a potion of haste.
You feel yourself speed up. The phantom hits you.
* * * LOW HITPOINT WARNING * * *
The phantom blinks!
You blink.
It was a potion of flight.
You feel very buoyant.
You fly up into the air.
The phantom hits you.
You die...

...........#.###.#......#
..................##
.......#####.###...# #..#
.......# ###.###.#.# #..#
.......# #.......#.# #..#
...##### #.......#.###..#
.... #.......#.†##..#
.....
#......###.##..#####
#.....5@W...#......#
#..§§..###..##§### #
#................#.#
#.....(##.#.##.#.#.#
######.###.#........
#..........#....#.###
#........###......#
#........# #....###
#........# #.#.)#


You could see a phantom (ally target) and a friendly crimson imp (summoned).

Vanquished Creatures
  An orc priest (D:3)
  Jessica (D:3)
  5 adders
  A worm (D:3)
  9 bats
  3 endoplasms
  4 giant cockroaches
  2 hobgoblins
  3 quokkas
  9 ball pythons
  A frilled lizard (D:3)
  6 goblins
  2 kobolds (D:2)
  3 rats
50 creatures vanquished.

Vanquished Creatures (collateral kills)
  An orc wizard (D:3)
  A worm (D:4)
  An orc (D:3)
  A giant cockroach (D:1)
  2 hobgoblins
6 creatures vanquished.

Vanquished Creatures (others)
  4 plants (D:1)
4 creatures vanquished.

Grand Total: 60 creatures vanquished

Notes
Turn   | Place    | Note
-------+----------+-------------------------------------------
     0 | D:1      | lawman0 the Ogre Hedge Wizard began the quest for the Orb.
     0 | D:1      | Reached XP level 1. HP: 16/16 MP: 5/5
    82 | D:1      | Reached skill level 1 in Conjurations
   390 | D:1      | ick
   496 | D:1      | Reached XP level 2. HP: 24/24 MP: 1/6
   634 | D:1      | Learned a level 2 spell: Slow
   637 | D:1      | Learned a level 2 spell: Blink
   640 | D:1      | Learned a level 2 spell: Call Imp
   700 | D:1      | Reached skill level 1 in Translocations
   790 | D:1      | Reached skill level 4 in Spellcasting
   865 | D:1      | Found a faded altar of an unknown god.
   870 | D:1      | sick
  1358 | D:1      | Reached XP level 3. HP: 25/31 MP: 1/8
  1362 | D:1      | Learned a level 3 spell: Mephitic Cloud
  2021 | D:2      | Noticed Sigmund
  2249 | D:3      | Reached XP level 4. HP: 39/39 MP: 6/10
  2544 | D:3      | Noticed Jessica
  2558 | D:3      | Killed Jessica
  2559 | D:3      | Reached skill level 1 in Summonings
  2559 | D:3      | Reached skill level 1 in Air Magic
  2815 | D:3      | Reached XP level 5. HP: 37/46 MP: 4/11
  2825 | D:3      | Reached skill level 1 in Fighting
  2825 | D:3      | Reached skill level 1 in Hexes
  2853 | D:3      | Reached skill level 1 in Poison Magic
  3273 | D:3      | Found a hide-covered altar of Uskayaw.
  3281 | D:3      | Found a shimmering blue altar of Sif Muna.
  3444 | D:4      | Found Ziagus's Book Boutique.
  3492 | D:4      | Noticed a phantom
  3567 | D:4      | Noticed a phantom
  3627 | D:4      | Slain by a phantom

Illustrated notes ....[. #........##.# #........##.# #........##.# #........##.# # #.###...###.# #.##.##.....##.##### #?.@.#.8...8.#...... #................... #...#....⌠.....##### #...#..........# #...##.8...8.### #...###.....## ....# ##...## ..#### ##### ... Turn 390 on D:1: ick

.........#...#
.........#...#
#........#...#
###........#...#
............#.#
#...........>#
##...........##
##P..P≈≈†..#..#
#.P..P@....#P.#
#...P.P≈..#(..#
...P.P.....#PP.#
##...P⌠⌠P..#...#
#.........#...#
#...#..#.#....#
#...#..#_#.. )#
#...######...


Turn 870 on D:1: sick

Levels and vault maps discovered:
D:1:      nagdon_arrival_double_spiral, layout_basic,
          shapermc_ecumenical_altar_mp_ritualfount, wad_woods_river_04,
          wad_floor_pattern_untrapped
D:2:      layout_basic, minmay_unequal, uniq_sigmund
D:3:      layout_loops_ring, minitemple, uniq_jessica
D:4:      layout_basic, gup_sewer_entry_bubbles, serial_shops,
          kennysheep_little_box, nicolae_stop_n_shop_2, nicolae_elemental_shop

Skill      XL: |  1  2  3  4  5 |
---------------+----------------+-----
Conjurations   | 1 2 |  2.1
Translocations | 1 |  1.0
Spellcasting   | 4 |  4.6
Summonings     | 1 |  1.4
Air Magic      | 1 |  1.1
Fighting       | 1 |  1.4
Hexes          | 1 |  1.0
Poison Magic   | 1 |  1.5
Polearms       | |  0.4
Dodging        | |  1.9
Stealth        | |  1.7

Action                   |  1- 3 |  4- 6 || total
-------------------------+-------+-------++-------
Melee: Dagger            |     4 |       ||     4
       Spear             |    24 |    49 ||    73
Throw: Dart              |     2 |     4 ||     6
 Cast: Magic Dart        |    65 |    52 ||   117
       Call Imp          |     6 |    13 ||    19
  Use: Scroll            |     3 |     1 ||     4
       Potion            |       |     3 ||     3
 Stab: Sleeping          |     1 |       ||     1
Armor: Robe              |    28 |    16 ||    44
Dodge: Dodged            |    20 |    26 ||    46

Table legend: (Time is in decaauts)
 A = Elapsed time spent in this place.
 B = Non-inter-level travel time spent in this place.
 C = Inter-level travel time spent in this place.
 D = Time resting spent in this place.
 E = Time spent auto-exploring this place.
 F = Levels seen in this place.
 G = Mean time per level.
                   A        B        C        D        E       F      G
               +--------+--------+--------+--------+--------+-----+--------+
         Total |   3651 |   3580 |     71 |    641 |   2363 |   4 |  912.8 |
       Dungeon |   3651 |   3580 |     71 |    641 |   2363 |   4 |  912.8 |
               +--------+--------+--------+--------+--------+-----+--------+

Top non-repeatable levels by time:
     D:1: 1428 daAuts
     D:3: 1239 daAuts
     D:2: 799 daAuts
     D:4: 184 daAuts
